 Dungeon Crawl Stone Soup version 0.19.1 (webtiles) character file.

200 LORDOFBUTT the Chopper (level 5, -3/48 HPs)
             Began as a Minotaur Berserker on Nov 29, 2016.
             Was a Priest of Trog.
             Slain by a phantom (9 damage)
             ... on level 4 of the Dungeon on Nov 30, 2016.
             The game lasted 00:03:23 (3493 turns).

LORDOFBUTT the Chopper (Minotaur Berserker)         Turns: 3493, Time: 00:03:24

Health: -3/48      AC:  2    Str: 22    XL:     5   Next: 48%
Magic:  4/4        EV: 13    Int:  4    God:    Trog [***...]
Gold:   198        SH:  0    Dex: 10    Spells: 0 memorised, 4 levels left

rFire  . . .     SeeInvis .     i - +0 battleaxe
rCold  . . .     Gourm    .     b - +0 animal skin
rNeg   . . .     Faith    .     (shield currently unavailable)
rPois  .         Spirit   .     (helmet restricted)
rElec  .         Reflect  .     (no cloak)
rCorr  .         Harm     .     (no gloves)
MR     .....                    (no boots)
Stlth  +.........               (no amulet)
                                (no ring)
                                (no ring)

@: no status effects
A: retaliatory headbutt, horns 2
a: Berserk, Trog's Hand, Burn Spellbooks, Renounce Religion


You were on level 4 of the Dungeon.
You worshipped Trog.
Trog was most pleased with you.
You were not hungry.

You visited 1 branch of the dungeon, and saw 4 of its levels.

You collected 198 gold pieces.

Inventory:

Hand Weapons
 i - a +0 battleaxe (weapon)
Armour
 b - a +0 animal skin (worn)
Wands
 f - a wand of iceblast (7/15)
Scrolls
 e - 2 scrolls of teleportation {unknown}
 g - a scroll of enchant armour {unknown}
 h - 8 scrolls of identify {unknown}
 j - a scroll of recharging {unknown}
 l - a scroll of remove curse {unknown}
 m - a scroll of immolation {unknown}
 n - a scroll of magic mapping {unknown}
Potions
 k - a potion of degeneration {unknown}
Comestibles
 c - 3 bread rations
 d - a meat ration


   Skills:
 - Level 5.1 Fighting
 + Level 5.5 Axes
 - Level 2.8 Armour
 - Level 3.4 Dodging
 - Level 0.6 Stealth


You had 4 spell levels left.
You didn't know any spells.

Dungeon Overview and Level Annotations

Branches:
Dungeon (4/15)
 Temple: D:4-7

Altars:
Makhleb
Ru
Sif Muna


Innate Abilities, Weirdness & Mutations

You reflexively headbutt those who attack you in melee.
You have a pair of horns on your head.


Message History

* * * LOW HITPOINT WARNING * * *
The phantom blinks!
There is an open door here.
You feel sick.
Unknown command.
You feel sick.
Evoke which item? (* to show all) (? for menu, Esc to quit)
Zapping:
f - a wand of iceblast (will waste charges)
Press: ? - help, Shift-Dir - straight line, f - phantom
Aim: a phantom (moderately damaged)
The mass of ice explodes!
The iceblast engulfs the phantom.
The phantom partially resists.
The phantom is heavily damaged.
Evoking this partially-identified wand wasted a few charges.
You slice the phantom!!
The phantom is almost destroyed.
You feel sick.
You are no longer poisoned.
The phantom hits you!
You die...

###...........## #...........#
####.#'###### #W#.# #.#.# ###
#.#.# #.# #.#.#
#.############.#W#
#............#<#@#
#.########.....#.#
#.##########.#.#.# ##########
#............#.#.####........#
############.#.#.............#
## ##### #.#.#.####........#
.# #...# #.#.### #........# .#
#.#.# #.#.# #........# .#
#.#.# #.#.# #........#


You could see a phantom.

Vanquished Creatures
  A scorpion (D:3)
  6 adders
  2 oozes (D:3)
  A worm (D:2)
  A dart slug (D:3)
  4 leopard geckos (D:3)
  7 orcs
  9 bats
  A giant cockroach (D:3)
  5 hobgoblins
  7 jackals (D:3)
  A quokka (D:3)
  3 ball pythons
  5 frilled lizards (D:2)
  9 goblins
  5 kobolds
  4 rats
71 creatures vanquished.

Notes
Turn   | Place    | Note
-------+----------+-------------------------------------------
     0 | D:1      | LORDOFBUTT the Minotaur Berserker began the quest for the Orb.
     0 | D:1      | Reached XP level 1. HP: 19/19 MP: 0/0
   585 | D:1      | Reached XP level 2. HP: 11/27 MP: 1/1
   809 | D:2      | Found a faded altar of an unknown god.
  1156 | D:2      | Found a deep blue altar of Sif Muna.
  1160 | D:2      | Reached ** piety under Trog
  1199 | D:2      | Reached XP level 3. HP: 32/33 MP: 2/2
  1754 | D:2      | Found a sacrificial altar of Ru.
  1814 | D:3      | Found a burning altar of Makhleb.
  1863 | D:3      | Noticed a scorpion
  1875 | D:3      | Killed a scorpion
  1875 | D:3      | Reached skill level 5 in Axes
  1875 | D:3      | Reached XP level 4. HP: 13/41 MP: 3/3
  2143 | D:3      | Reached XP level 5. HP: 19/47 MP: 4/4
  2617 | D:3      | Reached *** piety under Trog
  2666 | D:3      | Reached skill level 5 in Fighting
  3458 | D:4      | Noticed a phantom
  3493 | D:4      | Slain by a phantom

Skill      XL: |  1  2  3  4  5 |
---------------+----------------+-----
Axes           | 4 5 |  5.5
Fighting       | 4 5 |  5.1
Dodging        | 3 |  3.4
Armour         | |  2.8
Stealth        | |  0.6

Action                   |  1- 3 |  4- 6 || total
-------------------------+-------+-------++-------
Melee: Hand axe          |    77 |    67 ||   144
       Headbutt          |     7 |    12 ||    19
       Battleaxe         |       |    13 ||    13
Evoke: Wand              |       |     1 ||     1
  Eat: Pizza             |     1 |     1 ||     2
       Beef jerky        |     1 |       ||     1
       Fruit             |       |     7 ||     7
Armor: Animal skin       |     8 |    14 ||    22
Dodge: Dodged            |    63 |    60 ||   123
